 Dungeon Crawl Stone Soup version 0.21-a0-538-gd16b88a (webtiles) character file.

21 Gorice the Covered (level 2, -2/22 HPs)
             Began as a Demonspawn Wanderer on Dec 15, 2017.
             Slain by a gnoll
             ... wielding a +0 whip
              (5 damage)
             ... on level 2 of the Dungeon.
             The game lasted 00:02:20 (383 turns).

Gorice the Covered (Demonspawn Wanderer)             Turns: 383, Time: 00:02:21

Health: -2/22      AC:  8    Str: 12    XL:     2   Next: 65%
Magic:  3/3        EV:  8    Int: 14    God:
Gold:   27         SH:  0    Dex: 11    Spells: 3/3 levels left

rFire    . . .     SeeInvis .   d - +0 club
rCold    . . .     Gourm    .   (no shield)
rNeg     . . .     Faith    .   a - +2 scale mail
rPois    .         Spirit   .   (no helmet)
rElec    .         Reflect  .   (no cloak)
rCorr    .         Harm     .   (no gloves)
MR       .....                  (no boots)
Stlth    ..........             (no amulet)
HPRegen  0.07/turn              Z - ring of loudness (curse)
MPRegen  0.08/turn              (no ring)

@: no status effects
A: spiny 1
a: no special abilities


You were on level 2 of the Dungeon.
You were not hungry.

You visited 1 branch of the dungeon, and saw 2 of its levels.

You collected 27 gold pieces.

Inventory:

Hand Weapons
 d - a +0 club (weapon)
 e - a +0 dagger
Armour
 a - a +2 scale mail (worn)
Jewellery
 Z - a cursed ring of loudness (left hand)
Scrolls
 g - a scroll of enchant weapon {unknown}
 k - a scroll of fog {unknown}
 m - 2 scrolls of enchant armour {unknown}
Potions
 b - 2 potions of lignification {!q}
 j - a potion of brilliance {unknown}
 l - a potion of curing {unknown}
Books
 c - the Compendium of Combat Magic

   Spells                             Type                      Level
   a - Shock                          Conjuration/Air              1
   b - Static Discharge               Conjuration/Air              3
Comestibles
 f - a bread ration {!e}
 h - 2 chunks of flesh
 i - a meat ration {!e}


   Skills:
 - Level 2.0 Fighting
 * Level 2.1 Maces & Flails
 + Level 2.2 Armour
 - Level 1.7 Stealth
 - Level 1.0 Spellcasting
   Level 1.0 Conjurations
   Level 1.1 Necromancy


You had 3 spell levels left.
You didn't know any spells.

Dungeon Overview and Level Annotations

Branches:
Dungeon (1/15)

Altars:


Innate Abilities, Weirdness & Mutations

You are partially covered in sharp spines.


Message History

You barely miss the hobgoblin.
The hobgoblin hits you but does no damage.
You closely miss the hobgoblin. The hobgoblin barely misses you.
A gnoll comes into view. It is wielding a whip.
Your scale mail prevents you from hitting the hobgoblin.
The hobgoblin is struck by your spines. The hobgoblin misses you.
You hit the hobgoblin.
The hobgoblin is almost dead.
The hobgoblin is struck by your spines.
You kill the hobgoblin!
The gnoll throws a throwing net.
The throwing net barely misses you.
The gnoll throws a throwing net.
The throwing net closely misses you.
A quokka comes into view.
A gnoll comes into view. It is wielding a spear.
The gnoll hits you with a whip.
Damage: 1 (max 1)
You barely miss the gnoll.
The gnoll hits you from afar with a spear.
The gnoll hits you but does no damage.
Damage: 1 (max 1)
You hit the gnoll.
The gnoll is lightly wounded.
The gnoll hits you but does no damage. The gnoll completely misses you.
You hit the gnoll but do no damage.
The gnoll is lightly wounded.
The gnoll hits you from afar with a spear.
The gnoll is struck by your spines. The gnoll hits you with a whip.
The gnoll barely misses you.
Damage: 3 (max 3) Unknown command.
The quokka barely misses you. The quokka bites you.
The quokka barely misses you.
Damage: 2 (max 3)
The quokka bites you.
You miss the quokka. The gnoll completely misses you.
The quokka is struck by your spines. The quokka completely misses you.
The gnoll hits you but does no damage. x2
A gnoll comes into view.
The gnoll shouts!
You hit the quokka.
You kill the quokka!
The gnoll hits you from afar with a spear.
The gnoll hits you with a whip.
* * * LOW HITPOINT WARNING * * *
A gnoll comes into view. It is wielding a club.
Damage: 7 (max 7)
The gnoll is struck by your spines. The gnoll hits you with a spear.
* * * LOW HITPOINT WARNING * * *
The gnoll hits you with a whip.
You die...

####.#######
##.###..# #.#...
#.# #.# #...
..#... #.# #.#
#.######...
#.########## #.#
#.# ####
#..........#
########.###
##.#######
#.g..ggg.#
#######..####@##
......(..# #.#
###.###.## #.#
.......).# ...
....###..# #..
## #..# #..#
.... ...# #####
#.##


You could see 4 gnolls.

Vanquished Creatures
  A dart slug (D:1)
  A giant cockroach (D:1)
  3 goblins
  4 hobgoblins
  2 kobolds (D:1)
  A quokka (D:2)
  3 bats (D:1)
  2 frilled lizards (D:1)
  A rat (D:1)
18 creatures vanquished.

Vanquished Creatures (others)
  A leopard gecko (D:1)
  A bat (D:1)
  A frilled lizard (D:1)
3 creatures vanquished.

Grand Total: 21 creatures vanquished

Notes
Turn   | Place    | Note
-------+----------+-------------------------------------------
     0 | D:1      | Gorice the Demonspawn Wanderer began the quest for the Orb.
     0 | D:1      | Gorice set off with: a +2 scale mail, a potion of lignification {!q}, the Compendium of Combat Magic, a +0 club, a +0 dagger, a bread ration {!e}
     0 | D:1      | Reached XP level 1. HP: 16/16 MP: 2/2
     0 | D:1      | Identified the Compendium of Combat Magic
    71 | D:1      | Reached skill level 2 in Armour
    86 | D:1      | Gained mutation: You are partially covered in sharp spines. [demonic ancestry]
    86 | D:1      | Reached XP level 2. HP: 11/22 MP: 3/3
   228 | D:1      | Reached skill level 2 in Maces & Flails
   246 | D:1      | You fall through a shaft!
   383 | D:2      | HP: 3/22 [gnoll/spear (5)]
   383 | D:2      | Slain by a gnoll

Vault maps used:
D:1:      evilmike_arrival_plus, lemuel_old_faithful
D:2:      first_bread, nicolae_ru_path_of_blood

Skill      XL: |  1  2 |
---------------+-------+-----
Armour         | 2 |  2.2
Maces & Flails | 2 |  2.1
Fighting       | |  2.0
Stealth        | |  1.7
Spellcasting   | |  1.0
Conjurations   | |  1.0
Necromancy     | |  1.1

Action                   || total
-------------------------++-------
Melee: Club              ||    68
Armor: Scale mail        ||    35
Dodge: Dodged            ||    35

Table legend:
 A = Spawn XP
 B = Non-spawn XP
 C = Spawn XP percentage of total XP
 D = Spawn monster count
 E = Non-spawn monster count
 F = Spawn count percentage of total count
 G = Total turns spent on level
                    A         B        C        D         E        F      G
               +---------+---------+-------+---------+---------+-------+---------
         Total |       0 |      31 |   0.0 |       0 |      18 |   0.0 |   383
               +---------+---------+-------+---------+---------+-------+---------
           D:1 |       0 |      24 |   0.0 |       0 |      14 |   0.0 |   246
           D:2 |       0 |       7 |   0.0 |       0 |       4 |   0.0 |   137
               +---------+---------+-------+---------+---------+-------+---------

Table legend:
 A = Turns spent in this place as a percentage of turns spent in the entire game.
 B = Non-inter-level travel turns spent in this place as a percentage of non-inter-level travel turns spent in the entire game.
 C = Inter-level travel turns spent in this place as a percentage of turns spent in this place.
 D = Turns resting spent in this place as a percentage of non-inter-level travel turns spent in this place.
 E = Turns spent auto-exploring this place as a percentage of non-inter-level travel turns spent in this place.
 F = Non-inter-level travel turns spent in this place divided by the number of levels of this place that you've seen.
                   A       B       C       D       E      F
               +-------+-------+-------+-------+-------+----------------------
         Total | 100.0 | 100.0 |   0.0 |  23.0 |   6.8 | 191.5
       Dungeon | 100.0 | 100.0 |   0.0 |  23.0 |   6.8 | 191.5
               +-------+-------+-------+-------+-------+----------------------

Vault maps used:
D:1:      evilmike_arrival_plus, lemuel_old_faithful
D:2:      first_bread, nicolae_ru_path_of_blood
